Cogmind - Beta 15 @@@ ROGUE MODE // 2025.06.26 @ 04:27:52 Player: CheifClapdad Result: Destroyed by B-75 Beast with Magnetic Acceleration Cannon Performance ------------- Evolutions (5) 2500 Regions Visited (7) 1400 Robots Destroyed (145) 725 Value Destroyed (5220) 5220 Prototype IDs (11) 220 Alien Tech Used (0) 0 Bonus (562) 562 TOTAL SCORE: 10627 Bonus ------- High Alert Combat Kills 562 Cogmind --------- Core Integrity 0/1000 Matter 20/300 Energy 98/100 System Corruption 15% Temperature Cool (0) Movement Core (50) Location -5/Upper Caves Parts ------- > --- POWER (2) -------- (None) > --- PROPULSION (4) --- (None) > --- UTILITY (8) ------ (None) > --- WEAPON (3) ------- (None) > --- INVENTORY (5) ---- Angular Momentum Engine Field Laser KE Penetrator Mass Driver Mini Smartbomb Launcher Peak State ------------ > --- POWER ------------ Neutrino Core Neutrino Core > --- PROPULSION ------- Armored Medium Treads Armored Medium Treads Thunder Leg Thunder Leg > --- UTILITY ---------- Advanced Heat Sink Active Sensor Suite Armor Integrity Analyzer Layered Light Armor Plating Advanced Shield Generator > --- WEAPON ----------- Improved Arc Projector Variable Charge Gun Proton Cannon > --- INVENTORY -------- Neutrino Core Micro Fission Core Hardened Medium Armor Plating [Rating: 100] Favorites ----------- Power Nuclear Core Engine Cooled Ion Engine Power Core Nuclear Core Reactor Mini Fusion Reactor Propulsion Wheel Treads Medium Treads Leg Carbon-fiber Leg Wheel Wheel Utility High-capacity Storage Unit Device Improved Heat Sink Storage High-capacity Storage Unit Processor Armor Integrity Analyzer Protection Layered Light Armor Plating Weapon Medium Laser Energy Gun Medium Laser Energy Cannon Phase Cannon Ballistic Gun Gauss Rifle Ballistic Cannon Improved Light Cannon Launcher Mini Smartbomb Launcher Build | -11 -10 -9 -8 -7 -6 -5 -5 ------- Run | Yrd Mat Mat Mat Fac Fac Fac Upp Slots Evolved 10 | . . 2 2 2 2 2 . Power 1 | . . . . 1 . . . Propulsion 2 | . . . 1 . 1 . . Utility 6 | . . 2 . 1 1 2 . Weapon 1 | . . . 1 . . . . Parts Attached 122 | 6 1 7 13 41 23 26 5 Power 16 | 1 . 1 . 6 4 4 . Engine 3 | 1 . 1 . . 1 . . Core 11 | . . . . 5 2 4 . Reactor 2 | . . . . 1 1 . . Propulsion 35 | 2 . 1 6 11 8 6 1 Treads 13 | 1 . . 2 3 4 2 1 Leg 4 | . . . . . . 4 . Wheel 18 | 1 . 1 4 8 4 . . Hover . | . . . . . . . . Flight . | . . . . . . . . Utility 36 | 1 1 3 2 12 6 8 3 Device 22 | . . 2 1 6 5 7 1 Storage 4 | 1 1 . . 1 . . 1 Processor 2 | . . . . . 1 1 . Hackware . | . . . . . . . . Protection 8 | . . 1 1 5 . . 1 Artifact . | . . . . . . . . Weapon 35 | 2 . 2 5 12 5 8 1 Energy Gun 18 | 2 . 2 3 6 1 4 . Energy Cannon 11 | . . . 1 4 3 3 . Ballistic Gun 2 | . . . . 1 . . 1 Ballistic Cannon 1 | . . . 1 . . . . Launcher 3 | . . . . 1 1 1 . Special Weapon . | . . . . . . . . Impact Weapon . | . . . . . . . . Slashing Weapon . | . . . . . . . . Piercing Weapon . | . . . . . . . . Special Melee Weapon . | . . . . . . . . Unidentified Prototypes 11 | . . 1 . 8 . 2 . Corrupted Parts 1 | . . . . 1 . . . System Corruption 2 | . . . . 2 . . . Parts Lost 80 | . . 1 7 16 37 17 2 Power 11 | . . . . 3 6 2 . Propulsion 30 | . . 1 4 8 12 4 1 Utility 22 | . . . 3 3 9 7 . Weapon 17 | . . . . 2 10 4 1 Highest Loss Streak 14 | . . 1 5 5 14 8 2 To Critical Strikes . | . . . . . . . . Average Backups 12 | 2 6 15 18 19 15 3 4 Power 1 | . 1 4 3 1 . 1 . Propulsion 2 | 1 2 5 4 3 . . . Utility 4 | . 1 3 5 6 8 1 . Weapon 4 | . 1 2 5 7 5 . 3 Tool/Special . | . . . . . . . . Unused Backups 37 | . . 6 2 14 10 . 5 Power 3 | . . 2 . . . . 1 Propulsion 4 | . . 1 . 2 1 . . Utility 17 | . . 1 1 8 7 . . Weapon 13 | . . 2 1 4 2 . 4 Tool/Special . | . . . . . . . . Average Slot Usage (%) 77 | . 85 88 89 96 71 55 50 Engine 3 | . 14 11 9 2 1 . . Core 5 | . . . . 8 1 7 9 Reactor 1 | . . . . 2 3 . . Treads 8 | . 14 11 9 7 13 6 3 Leg 2 | . . . . . . 8 9 Wheel 8 | . 14 11 15 14 4 . . Device 14 | . . 16 10 22 16 12 8 Storage 5 | . 14 11 9 7 5 . . Processor 1 | . . . . . 4 4 . Protection 4 | . . 5 8 6 2 1 3 Energy Gun 11 | . 28 22 22 11 4 6 4 Energy Cannon 4 | . . . 4 8 6 4 . Ballistic Gun 1 | . . . . 1 . . 3 Peak Build Rating 100 | 6 7 17 23 65 66 100 70 Average Rating 43 | 5 6 12 20 45 48 69 58 On Entrance 21 | . 6 6 17 23 58 3 58 Naked Turns 225 | . . . . . 56 3 166 Heaviest Build 93 | 12 47 60 64 93 86 60 44 Greatest Support 104 | 10 10 10 26 28 104 54 30 Greatest Overweight (x) 22 | 1 4 5 6 9 22 3 2 Average Overweight (x) 2 | . 3 4 2 2 2 . . Largest Inventory Capacity 35 | 8 20 20 20 20 20 5 35 Average Capacity 15 | 7 18 20 20 20 19 5 5 Most Carried 20 | 4 8 20 20 20 20 5 5 Average Carried 13 | 2 6 15 18 19 17 3 4 Final Capacity 20 | 8 20 20 20 20 5 5 5 Final Carried 20 | 4 8 20 20 20 5 4 5 Class Distribution -------------------- 29% | Mutant 24% | Tank 18% | Scavenger-Tank 14% | Scavenger-Skirmisher 6% | Skirmisher 3% | Gunner Dominant Class ---------------- Mutant | -10/Materials Mutant | -9/Materials Tank | -8/Materials Scavenger-Tank | -7/Factory Mutant | -6/Factory Skirmisher | -5/Factory Scavenger-Skirmisher | -5/Upper Caves Resources | -11 -10 -9 -8 -7 -6 -5 -5 ----------- Run | Yrd Mat Mat Mat Fac Fac Fac Upp Matter Collected 1989 | 221 83 83 275 552 488 248 39 Remotely . | . . . . . . . . Salvage Created 5635 | . 83 589 506 2314 1514 629 . Parts 253 | . 2 37 37 95 55 27 . Haulers Intercepted 2 | . . 1 1 . . . . Recyclers Shooed 7 | . . 1 2 . 1 3 . Parts Field Recycled . | . . . . . . . . Retrieved Matter . | . . . . . . . . Parts Self-Destructed . | . . . . . . . . Prevented . | . . . . . . . . Kills | -11 -10 -9 -8 -7 -6 -5 -5 ------- Run | Yrd Mat Mat Mat Fac Fac Fac Upp Combat Hostiles Destroyed 102 | . . 17 11 37 25 12 . Melee 3 | . . . . . 2 1 . Guns 41 | . . 17 5 12 2 5 . Cannons 27 | . . . 3 13 11 . . AOE 23 | . . . . 11 6 6 . Classes Destroyed 14 | . 2 5 1 6 . . . Worker 12 | . . 2 1 5 3 1 . Builder 11 | . . . . 2 7 2 . Hauler 2 | . . 1 1 . . . . Recycler 10 | . 1 . 1 4 3 1 . Mechanic 4 | . . . . 3 1 . . Watcher 4 | . 1 1 . 2 . . . Swarmer 15 | . . 9 6 . . . . Grunt 39 | . . 6 3 11 11 8 . Duelist 3 | . . . . 2 1 . . Sentry 12 | . . 2 1 5 4 . . Specialist 6 | . . . . 6 . . . Hunter 11 | . . . 1 6 4 . . Programmer 15 | . . . . 6 5 4 . Heavy 1 | . . . . 1 . . . Best Kill Streak 12 | . 1 5 4 11 12 4 . Combat Bots Only 7 | . . 4 3 7 4 4 . Max Kills in Single Turn 9 | . 1 1 2 9 7 3 . Gunslinging . | . . . . . . . . Exploded 5 | . . . . 5 2 2 . Melee 1 | . . . . . 1 1 . Uniques/NPCs Destroyed . | . . . . . . . . Combat | -11 -10 -9 -8 -7 -6 -5 -5 -------- Run | Yrd Mat Mat Mat Fac Fac Fac Upp Hostile Shots Fired 1247 | . . 107 115 344 439 159 83 Missed 456 | . . 46 36 158 145 36 35 Hits 791 | . . 61 79 186 294 123 48 Melee 5 | . . . . 4 1 . . Projectile 786 | . . 61 79 182 293 123 48 AOE 2 | . . . . 2 . . . Critical Strikes 28 | . . . 1 5 10 11 1 Part Disruptions 1 | . . . . 1 . . . Damage Taken 11548 | . . 562 831 2522 4040 2695 898 Core 2247 | . . 130 79 249 767 402 620 Absorbed by Shields 138 | . . . . . . 138 . Ignored by Resistances 364 | . . . . 85 279 . . Core Remaining (%) 70 | 100 100 67 85 64 9 . . Volleys Fired 351 | . 3 50 44 102 97 55 . Largest 3 | . 2 2 3 3 3 3 . Hottest 294 | . 100 100 169 239 233 294 . Shots Fired 748 | . 6 100 88 284 184 84 2 Gun 477 | . 6 100 54 166 80 69 2 Cannon 247 | . . . 34 116 93 4 . Launcher 24 | . . . . 2 11 11 . Special . | . . . . . . . . Kinetic 49 | . . . . 19 30 . . Thermal 652 | . 6 100 88 263 143 50 2 Explosive 24 | . . . . 2 11 11 . Electromagnetic 23 | . . . . . . 23 . Robot Hit Streak 22 | . 3 7 10 19 22 20 . Robot Miss Streak 7 | . 1 6 7 5 3 3 1 Penetration Max 1 | . . . . 1 . . . Secondary Targets 3 | . . 1 . 1 . 1 . Max Gunslinging Chain 1 | . . 1 . 1 . 1 . Shots Hit Robots 480 | . 4 57 47 185 121 66 . Core Hits 323 | . 3 30 18 125 108 39 . Critical Kills 4 | . . . 1 1 2 . . Critical Parts Destroyed . | . . . . . . . . Critical Strikes 22 | . 1 4 4 5 8 . . Burn 17 | . 1 4 3 4 5 . . Meltdown 3 | . . . 1 . 2 . . Destroy 1 | . . . . 1 . . . Blast 1 | . . . . . 1 . . Melee Attacks . | . . . . . . . . Impact . | . . . . . . . . Slashing . | . . . . . . . . Piercing . | . . . . . . . . Sneak Attacks . | . . . . . . . . Combat Hostiles . | . . . . . . . . Follow-up Attacks . | . . . . . . . . Damage Inflicted 16098 | . 50 798 868 6185 5488 2705 4 Guns 5794 | . 50 783 420 2379 1079 1083 . Cannons 4223 | . . . 448 2046 1685 44 . Explosions 5954 | . . . . 1750 2658 1546 . Melee . | . . . . . . . . Ramming 127 | . . 15 . 10 66 32 4 Kinetic 693 | . . . . 321 372 . . Thermal 9650 | . 50 783 868 4399 2392 1158 . Explosive 5489 | . . . . 1425 2658 1406 . Electromagnetic 139 | . . . . 30 . 109 . Impact . | . . . . . . . . Slashing . | . . . . . . . . Piercing . | . . . . . . . . Highest Corruption 15 | . . . . 2 6 15 15 Average Corruption 9 | . . . . 2 4 12 15 Corruption Purged . | . . . . . . . . Corruption Blocked . | . . . . . . . . Effects 89 | . . . . 8 14 30 37 Message Errors 29 | . . . . 2 5 7 15 Matter Fused 12 | . . . . 2 4 5 1 Heat Flow Errors 10 | . . . . 1 1 3 5 Energy Discharges 11 | . . . . 1 . 8 2 Parts Rejected 1 | . . . . . . 1 . Parts Fused 1 | . . . . . . 1 . Data Loss (minor) 12 | . . . . 1 3 3 5 Data Loss (major) 4 | . . . . . . . 4 Misfires 4 | . . . . . 1 1 2 Alerts 2 | . . . . 1 . . 1 Misdirections 2 | . . . . . . . 2 Weapon Failures 1 | . . . . . . 1 . Overload Shots 2 | . . . . . . 2 . Overflow Damage 328 | . . . . 80 79 169 . Projectiles 78 | . . . . 13 65 . . Explosions 250 | . . . . 67 14 169 . Melee . | . . . . . . . . Knockbacks 9 | . . . . . 8 1 . Impact 1 | . . . . . . 1 . Kinetic 8 | . . . . . 8 . . Secondary . | . . . . . . . . Self-Inflicted Damage 862 | . . 7 . 242 196 415 2 Shots 24 | . . . . 7 9 8 . Rammed 23 | . . 1 . 2 19 . 1 Targets Rammed 33 | . . 1 . 2 21 8 1 Kicked 8 | . . . . . . 8 . Crushed 2 | . . . . . 2 . . Highest Temperature 386 | . 39 . 280 198 226 386 273 Average Temperature 99 | . 24 . 74 88 91 153 109 Received Heat Transfer 2409 | . . 96 180 333 1053 540 207 Effects 6 | . . . 4 . 1 1 . Shutdowns 1 | . . . . . . 1 . Interference 5 | . . . 4 . 1 . . Siege Activations . | . . . . . . . . Martial Activations . | . . . . . . . . Shielding Activations . | . . . . . . . . Robots Disrupted . | . . . . . . . . Combat Hostiles . | . . . . . . . . Robots Corrupted . | . . . . . . . . Combat Hostiles . | . . . . . . . . Parts Fried . | . . . . . . . . Impact Corruptions 1 | . . 1 . . . . . Robots Melted 8 | . . . 3 1 4 . . Combat Hostiles 8 | . . . 3 1 4 . . Parts Melted 55 | . . 14 2 22 14 3 . Heat Transferred 17618 | . 222 2590 2183 6804 4213 1606 . Parts Sabotaged . | . . . . . . . . Parts Stolen . | . . . . . . . . Parts Stripped . | . . . . . . . . Power Chain Reactions 2 | . . . . 1 . 1 . Alert | -11 -10 -9 -8 -7 -6 -5 -5 ------- Run | Yrd Mat Mat Mat Fac Fac Fac Upp Maximum Alert Level 3 | . . 1 . 3 2 1 . Low Security (%) 64 | 100 100 78 100 64 . 79 . Level 1 10 | . . 21 . 9 3 20 . Level 2 22 | . . . . 16 96 . . Level 3 2 | . . . . 9 . . . Level 4 . | . . . . . . . . Level 5 . | . . . . . . . . High Security . | . . . . . . . . Max Security . | . . . . . . . . Peak Influence 881 | . 7 250 90 881 549 267 . Initial 429 | . . . 90 . 429 234 . Average 191 | . . 127 43 217 449 101 . Influence Increases 3794 | . 12 510 317 1494 890 571 . Destroy 0b10 Robot/C 2040 | . . 340 220 740 500 240 . Destroy 0b10 Robot/NC 215 | . 10 20 15 80 70 20 . Destroy Leader 532 | . 2 74 52 214 150 40 . Successful Hack 12 | . . . . 12 . . . Disable Machine 135 | . . . . 90 15 30 . Anti-Garrison Action 200 | . . . . 200 . . . Destroy Structure 245 | . . 1 . 68 80 96 . Partial Spotted 30 | . . . . . 30 . . Lose Combat Pursuer 285 | . . 75 30 90 45 45 . Active Sensor Use 100 | . . . . . . 100 . Influence Decreases 3794 | . 12 296 531 617 1288 827 223 Entered New Map 900 | . . . 124 . 448 245 83 Time Decay 2144 | . 12 286 337 487 470 412 140 Lost Part 750 | . . 10 70 130 370 170 . Squads Dispatched 33 | . . 3 1 12 12 5 . Investigation 5 | . . . . 2 1 2 . Extermination 9 | . . . . 5 2 2 . Reinforcement 13 | . . 3 1 4 4 1 . Assault 1 | . . . . 1 . . . Garrison 5 | . . . . . 5 . . Intercept . | . . . . . . . . Searches Triggered . | . . . . . . . . Construction Impeded 4 | . . . . 1 2 1 . Haulers Reinforced . | . . . . . . . . Active Scanning Responses 1 | . . . . . . 1 . Cargo Convoy Interrupts 2 | . . . . 1 1 . . Stealth | -11 -10 -9 -8 -7 -6 -5 -5 --------- Run | Yrd Mat Mat Mat Fac Fac Fac Upp Distress Signals 12 | . . 2 5 2 3 . . Communications Jammed 24 | . . . . . . 24 . Distress Signals 24 | . . . . . . 24 . Times Spotted 194 | . 2 27 22 71 47 22 3 Peak Tracking Total 11 | . 1 6 6 11 11 6 3 Tactical Retreats 12 | . . 2 2 4 3 1 . Traps | -11 -10 -9 -8 -7 -6 -5 -5 ------- Run | Yrd Mat Mat Mat Fac Fac Fac Upp Traps Triggered 5 | . . . 1 2 1 1 . Indirectly . | . . . . . . . . Trap Hack Attempts . | . . . . . . . . Triggered . | . . . . . . . . Disarmed . | . . . . . . . . Reprogrammed . | . . . . . . . . Reused . | . . . . . . . . Traps Extracted . | . . . . . . . . Installed . | . . . . . . . . Triggered . | . . . . . . . . Machines | -11 -10 -9 -8 -7 -6 -5 -5 ---------- Run | Yrd Mat Mat Mat Fac Fac Fac Upp Machines Disabled 9 | . . . . 6 1 2 . Max in Single Turn 2 | . . . . 2 1 1 . Garrison Access 1 | . . . . 1 . . . Machines Repaired . | . . . . . . . . Machines Dismantled . | . . . . . . . . Machines Sabotaged . | . . . . . . . . Overloaded Fab Kills . | . . . . . . . . Hacking | -11 -10 -9 -8 -7 -6 -5 -5 --------- Run | Yrd Mat Mat Mat Fac Fac Fac Upp Machines Accessed 4 | . . . . 3 1 . . Terminals 1 | . . . . 1 . . . Fabricators . | . . . . . . . . Repair Stations . | . . . . . . . . Recycling Units . | . . . . . . . . Scanalyzers 1 | . . . . 1 . . . Garrison Access 2 | . . . . 1 1 . . Total Hacks 11 | . . . . 8 3 . . Successful 2 | . . . . 2 . . . Failed 9 | . . . . 6 3 . . Catastrophic 4 | . . . . 2 2 . . Database Lockouts . | . . . . . . . . Manual 5 | . . . . 2 3 . . Terminals 2 | . . . . 2 . . . Fabricators . | . . . . . . . . Repair Stations . | . . . . . . . . Recycling Units . | . . . . . . . . Scanalyzers 4 | . . . . 4 . . . Garrison Access 5 | . . . . 2 3 . . Terminal Hacks . | . . . . . . . . Fabricator Hacks . | . . . . . . . . Repair Station Hacks . | . . . . . . . . Recycling Unit Hacks . | . . . . . . . . Scanalyzer 1 | . . . . 1 . . . Insert Component 1 | . . . . 1 . . . Garrison Access Hacks . | . . . . . . . . Unauthorized Hacks 1 | . . . . 1 . . . Terminals . | . . . . . . . . Fabricators . | . . . . . . . . Repair Stations . | . . . . . . . . Recycling Units . | . . . . . . . . Scanalyzers . | . . . . . . . . Garrison Access 1 | . . . . 1 . . . Jam 1 | . . . . 1 . . . Data Cores Recovered . | . . . . . . . . Used . | . . . . . . . . Hacking Detections 4 | . . . . 3 1 . . Full Trace Events 1 | . . . . . 1 . . Feedback Events . | . . . . . . . . Feedback Blocked . | . . . . . . . . Robot Schematics Acquired . | . . . . . . . . Robots Built . | . . . . . . . . Authchips . | . . . . . . . . Time . | . . . . . . . . Total Robot Build Rating . | . . . . . . . . Part Schematics Acquired . | . . . . . . . . Parts Built . | . . . . . . . . Authchips . | . . . . . . . . Time . | . . . . . . . . Total Part Build Rating . | . . . . . . . . Parts Repaired . | . . . . . . . . Time . | . . . . . . . . Parts Recycled . | . . . . . . . . Recycled Matter . | . . . . . . . . Retrieved Matter . | . . . . . . . . Retrieved Components . | . . . . . . . . Parts Scanalyzed 1 | . . . . 1 . . . Part Schematics Acquired . | . . . . . . . . Parts Damaged 1 | . . . . 1 . . . Bothacking | -11 -10 -9 -8 -7 -6 -5 -5 ------------ Run | Yrd Mat Mat Mat Fac Fac Fac Upp Used RIF Installer . | . . . . . . . . Robots Hacked . | . . . . . . . . Non-combat . | . . . . . . . . Combat . | . . . . . . . . Robot Hacks Applied . | . . . . . . . . Relay Couplers Released 3 | . . . . . 3 . . Programmers 3 | . . . . . 3 . . Fabnet Peak Effective % . | . . . . . . . . Robots Rewired . | . . . . . . . . Allies Hacked . | . . . . . . . . Hacks Repelled . | . . . . . . . . Allies | -11 -10 -9 -8 -7 -6 -5 -5 -------- Run | Yrd Mat Mat Mat Fac Fac Fac Upp Total Allies . | . . . . . . . . Largest Group . | . . . . . . . . Highest-Rated Group . | . . . . . . . . Highest-Rated Ally . | . . . . . . . . Total Orders . | . . . . . . . . Ally Attacks . | . . . . . . . . Total Damage . | . . . . . . . . Kills . | . . . . . . . . Allies Corrupted . | . . . . . . . . Allies Melted . | . . . . . . . . Intel | -11 -10 -9 -8 -7 -6 -5 -5 ------- Run | Yrd Mat Mat Mat Fac Fac Fac Upp Active Infowar (turns) 2307 | . . . . . 551 782 974 Sensors 363 | . . . . . 363 . . A.S.S. 1756 | . . . . . . 782 974 Cloaking 188 | . . . . . 188 . . Jamming 946 | . . . . . . 155 791 Robot Analysis Total . | . . . . . . . . Derelict Logs Recovered 2 | . . . . . . . 2 Drone Launches . | . . . . . . . . Drone Recoveries . | . . . . . . . . Exploration | -11 -10 -9 -8 -7 -6 -5 -5 ------------- Run | Yrd Mat Mat Mat Fac Fac Fac Upp Turns Passed 7993 | 89 358 910 778 2266 1194 1229 1169 Spaces Moved 4690 | 83 257 475 484 1324 540 674 853 Core 485 | 2 . . . . 113 39 331 Treads 241 | . . . . 2 191 48 . Legs 1109 | . . . . . . 587 522 Wheels 2855 | 81 257 475 484 1322 236 . . Hover . | . . . . . . . . Flight . | . . . . . . . . Fastest Speed 50 | 50 95 140 110 120 50 50 50 Average Speed 137 | 91 133 147 128 133 151 140 135 Slowest Speed 1150 | 95 140 155 170 400 1150 200 260 Overloaded Moves . | . . . . . . . . Propulsion Burnouts . | . . . . . . . . Robots Hopped . | . . . . . . . . Potential Cave-ins . | . . . . . . . . Cave-ins Triggered . | . . . . . . . . Exploration Rate (%) 27 | 4 36 34 34 31 12 11 55 Regions Visited 7 Branch Regions 1 Pre-discovered Areas . | . . . . . . . . Known Exits Taken . | . . . . . . . . Unknown Exits Taken 7 | 1 1 1 1 1 1 1 . Scrap Searched 1 | . . . . . . . 1 Spaces Dug . | . . . . . . . . Terrain Destroyed 245 | . . . . 94 85 66 . Melee . | . . . . . . . . Projectile 35 | . . . . 15 16 4 . AOE 210 | . . . . 79 69 62 . Terrain Rammed . | . . . . . . . . Walls Destroyed . | . . . . . . . . Machines Disabled . | . . . . . . . . Actions | -11 -10 -9 -8 -7 -6 -5 -5 --------- Run | Yrd Mat Mat Mat Fac Fac Fac Upp Total 5571 | 92 265 588 563 1614 731 855 863 Wait 196 | . . 27 9 51 29 80 . Move 4683 | 82 256 474 483 1323 539 673 853 Hop . | . . . . . . . . Pick Up 87 | 4 4 20 8 34 9 5 3 Fast Attach 70 | 6 1 3 3 16 13 25 3 Attach 46 | . . 2 7 17 15 3 2 Detach 5 | . . . . 3 2 . . Swap 28 | . . 2 6 15 4 1 . Drop 64 | . 1 9 3 43 2 5 1 Fire 351 | . 3 50 44 102 97 55 . Melee . | . . . . . . . . Ram 7 | . . 1 . 2 3 . 1 Kick 8 | . . . . . . 8 . Crush 18 | . . . . . 18 . . Escape Stasis 8 | . . . . 8 . . . Rewire . | . . . . . . . . Trap . | . . . . . . . . Miscellaneous . | . . . . . . . . Route ------- -11/Scrapyard -10/Materials -9/Materials -8/Materials -7/Factory -6/Factory -5/Factory -5/Upper Caves (discovered 1 exit: Upp) History --------- Turn | Location | Event 9 | -11/Scrapyard | Discovered new exit (range 16) 90 | -11/Scrapyard | Entered Materials 318 | -10/Materials | Build established: Mutant 422 | -10/Materials | Discovered new exit (range 13) 448 | -10/Materials | Entered another Materials area 448 | -9/Materials | Evolved 2 slots: Utility x2 1168 | -9/Materials | Discovered new exit (range 16) 1358 | -9/Materials | Entered another Materials area 1358 | -8/Materials | Evolved 2 slots: Propulsion x1, Weapon x1 1606 | -8/Materials | Lost 5 parts (2n3u) 1894 | -8/Materials | Discovered new exit (range 16) 1905 | -8/Materials | Build established: Tank 2136 | -8/Materials | Entered Factory 2136 | -7/Factory | Evolved 2 slots: Power x1, Utility x1 2551 | -7/Factory | Build established: Scavenger-Tank 3420 | -7/Factory | Found Prototype Launcher 3420 | -7/Factory | Identified Rocket Array 3701 | -7/Factory | Cargo convoy interrupted 3733 | -7/Factory | Destroyed 7 combat bots 3736 | -7/Factory | Lost 5 parts (2p2n1u) 4018 | -7/Factory | Build established: Tank 4136 | -7/Factory | First assault squad dispatched 4345 | -7/Factory | Discovered new exit (range 8) 4392 | -7/Factory | Found Prototype Device 4402 | -7/Factory | Entered another Factory area 4402 | -6/Factory | Evolved 2 slots: Propulsion x1, Utility x1 4633 | -6/Factory | Lost 5 parts (1p3n1w) 4813 | -6/Factory | Garrison activated, responded to threat 4980 | -6/Factory | Lost 5 parts (2n2u1w) 5052 | -6/Factory | Garrison activated, responded to threat 5155 | -6/Factory | Lost 5 parts (1p1u3w) 5225 | -6/Factory | Build established: Mutant 5424 | -6/Factory | Lost 5 parts (1p1n2u1w) 5529 | -6/Factory | Cargo convoy interrupted 5533 | -6/Factory | Core integrity fell below 50% 5540 | -6/Factory | Released all parts (1) 5570 | -6/Factory | Lost 14 parts (2p5n3u4w) 5576 | -6/Factory | Core integrity fell below 20% 5590 | -6/Factory | Discovered new exit (range 12) 5596 | -6/Factory | Entered another Factory area 5596 | -5/Factory | Evolved 2 slots: Utility x2 5910 | -5/Factory | Identified Active Sensor Suite 6200 | -5/Factory | Build established: Skirmisher 6230 | -5/Factory | System corruption reached 10% 6317 | -5/Factory | Lost 8 parts (1p1n3u3w) 6514 | -5/Factory | Found Prototype Launcher 6514 | -5/Factory | Identified Mni. Smartbomb Launcher 6521 | -5/Factory | Found Mni. Smartbomb Launcher 6701 | -5/Factory | Lost 8 parts (1p2n4u1w) 6802 | -5/Factory | Discovered new exit (range 8) 6825 | -5/Factory | Entered Upper Caves 7009 | -5/Upper Caves | Build established: Scavenger-Skirmisher 7139 | -5/Upper Caves | Learned location of 1 exit from Factory 7814 | -5/Upper Caves | Spotted B-75 Beast 7828 | -5/Upper Caves | Released all parts (9) 7849 | -5/Upper Caves | Core integrity fell below 50% 7897 | -5/Upper Caves | Identified exit to Upper Caves 7952 | -5/Upper Caves | Core integrity fell below 20% 7994 | -5/Upper Caves | Destroyed by B-75 Beast with Magnetic Acceleration Cannon Last Messages --------------- 07828_ Released Lgt. Treads. 07828_ Released Hrd. Medium Armor Plating. 07828_ Released Gauss Rifle. 07828_ Released Carbon-fiber Leg. 07828_ Released Active Sensor Suite. 07828_ Released Neutrino Core. 07828_ Released Mic. Fission Core. 07828_ Released Hvy. Laser. 07828_ Released Transmission Jammer. 07830_ Acquired 6 matter. 07834_ System corrupted: Substantial component data lost. 07848_ Knocked back. 07897_ Acquired derelict log, extracted data. Loading 1 Upper Caves exit... 07911_ E E 1YS6GKVZD/G5NBCTOTX4 07935_ JOGKHJ:WGFFK7/X0KF#N>NO<